 Dungeon Crawl Stone Soup version 0.29-a0-717-g6dac4ea423 (webtiles) character file.

Game seed: 9246927143778779929

30 blackman the Sneak (level 3, -2/29 HPs)
             Began as a Human Delver on June 26, 2022.
             Slain by an orc
             ... wielding a +0 morningstar
              (10 damage)
             ... on level 5 of the Dungeon.
             The game lasted 00:01:53 (71 turns).

blackman the Sneak (Human Delver)                     Turns: 71, Time: 00:01:53

Health: -2/29      AC:  3    Str: 14    XL:     3   Next: 35%
Magic:  3/3        EV: 12    Int: 10    God:
Gold:   0          SH:  0    Dex: 14    Spells: 2/2 levels left

rFire   . . .      SeeInvis .   a - +0 hand axe
rCold   . . .      Faith    .   (no shield)
rNeg    . . .      Spirit   .   b - +0 leather armour
rPois   .          Reflect  .   (no helmet)
rElec   .          Harm     .   (no cloak)
rCorr   .          Rampage  .   (no gloves)
Will    .....                   (no boots)
Stlth   +++.......              (no amulet)
HPRegen 0.09/turn               (no ring)
MPRegen 0.08/turn               (no ring)

@: hasted (expiring), very quick
A: no striking features
a: no special abilities


You were on level 5 of the Dungeon.
You visited 1 branch of the dungeon, and saw 1 of its levels.

Inventory:

Hand Weapons
 a - a +0 hand axe (weapon)
Armour
 b - a +0 leather armour (worn)
Jewellery
 h - an amulet of faith
Wands
 g - a wand of digging (3)


   Skills:
 - Level 3.3 Fighting
 + Level 2.4 Axes
 - Level 2.4 Dodging
 - Level 5.2 Stealth


You had 2 spell levels left.
You didn't know any spells.
Your spell library was empty.

Dungeon Overview and Level Annotations

Branches:
Dungeon (5/15)
 Temple: D:4-7

Altars:


Message History

Something hits the plant.
The plant begins to die.
The hound bites you.
You barely miss the hound.
The hound is almost dead.
The hound bites you.
* * * LOW HITPOINT WARNING * * *
You hit the hound.
You kill the hound!
Something hits the plant.
You have reached level 2!
You have reached level 3!
Your experience leads to an increase in your attributes!
Increase (S)trength, (I)ntelligence, or (D)exterity?
You feel stronger. x2
Unknown command.
Found a stone staircase leading down.
A hound comes into view.
The hound barks!
Unknown command.
Unknown command.
Unknown command.
Unknown command.
Unknown command.
Unknown command.
Unknown command.
Unknown command.
Unknown command.
Unknown command.
As you read the scroll of fog, it crumbles to dust.
The scroll dissolves into smoke.
The hound barks!
The hound attacks as you move away! The hound closely misses you.
A hound comes into view.
Found 6 gold pieces.
An orc comes into view. It is wielding a +0 morningstar.
Found a club.
Found a stone staircase leading down.
Your extra speed is starting to run out.
Found 10 gold pieces.
The orc shouts!
The hound barks!
The orc hits you with a +0 morningstar!
You die...

*,**,*##..,...#**,**8,>,8*#.##
**,**,,.....,..# *****,,,###...
*,,,***#....##.###########.#..#
**,,,,,,....#.#.#$#.............
*,,*****...........h.h####......
**,,*,,,*,#..#.#.#.###..###..#...
,,,,+,⌠,+,*,#....h...............
**,,*,,,*,,,##.#.#.#h............
**,,*****,**#...@o...............
*,,,,,,,,,#..#.#.#.#.....>..§..§.
*,**,,,,,..,....##.........§§§§§§
*,*,,,***,..####,)........?..§§§§
*,*,*** *##** *,#...........§§§§
*,,,* *+*#########+..... ,,,**
**,≈≈≈≈≈≈≈≈,#....h *,*****
***≈,,,,,,,,≈#..... ,,,,,,*
***,*≈,⌠,,,,⌠,≈###...


You could see 2 hounds and an orc.

Vanquished Creatures
  A hound (D:5)
1 creature vanquished.

Vanquished Creatures (others)
  A fungus (D:5)
  9 plants (D:5)
10 creatures vanquished.

Grand Total: 11 creatures vanquished

Notes
Turn   | Place    | Note
-------+----------+-------------------------------------------
     0 | D:5      | blackman the Human Delver began the quest for the Orb.
     0 | D:5      | Reached XP level 1. HP: 18/18 MP: 1/1
     3 | D:5      | Noticed a hound
     7 | D:5      | Noticed a hound
    37 | D:5      | Killed a hound
    38 | D:5      | Reached XP level 2. HP: 5/24 MP: 2/2
    38 | D:5      | Reached XP level 3. HP: 6/29 MP: 3/3
    71 | D:5      | Slain by an orc

Illustrated notes

Levels and vault maps discovered:
D:5:      layout_rooms, mainiacjoe_overflow_boulevard, nzn_wu_jian_council_hall,
          grunt_ministairs_7, st_stairs_8, kennysheep_pointless_box,
          minmay_misc_feat_room, dk_noncrumbling_3, serial_bayou_lagoon_a

Action                   || total
-------------------------++-------
Melee: Hand axe          ||    11
  Use: Scroll            ||     3
       Potion            ||     1
Armor: Leather armour    ||     2
Dodge: Dodged            ||     8

Table legend: (Time is in decaauts)
 A = Elapsed time spent in this place.
 B = Non-inter-level travel time spent in this place.
 C = Inter-level travel time spent in this place.
 D = Time resting spent in this place.
 E = Time spent auto-exploring this place.
 F = Levels seen in this place.
 G = Mean time per level.
                   A        B        C        D        E       F      G
               +--------+--------+--------+--------+--------+-----+--------+
         Total |     58 |     58 |      0 |      0 |      0 |   1 |   58.0 |
       Dungeon |     58 |     58 |      0 |      0 |      0 |   1 |   58.0 |
               +--------+--------+--------+--------+--------+-----+--------+

Top non-repeatable levels by time:
     D:5: 58 daAuts
